General information
- name: BNet
- type: Ladder team game (AT/RT)
- host: Battle.net
- saver: 237351581
map: MarketSquare
- players: 8
- length: 44:23
- speed: Fast
- version: 1.28 W3XP
- replay type: Public
» download(351 KB)
Players
team 1 (loser)

»
Spyro (
teal | 30 APM | 1341 actions | 44:23)
6 Priestess of the Moon
3 Trueshot Aura
2 Scout
1 Starfall
» actions
| Assign group hotkey | 17 | |
| Basic commands | 111 | |
| Build / train | 113 | |
| Enter build submenu | 47 | |
| Enter hero's abilities submenu | 6 | |
| Remove unit from queue | 10 | |
| Right click | 536 | |
| Select / deselect | 319 | |
| Select group hotkey | 109 | |
| Use ability | 72 | |
1341 total
» units
| Wisp | 59 | |
| Huntress | 5 | |
| Chimaera | 12 | |
| Hippogryph | 6 | |
82 total
» upgrades
| Strength of the Wild | 3 | |
| Reinforced Hides | 3 | |
| Corrosive Breath | 1 | |
7 total
» buildings
| Moon Well | 9 | |
| Altar of Elders | 1 | |
| Hunter's Hall | 3 | |
| Ancient of War | 1 | |
| Tree of Ages | 1 | |
| Tree of Eternity | 1 | |
| Ancient of Wind | 1 | |
| Chimaera Roost | 2 | |
| Tree of Life | 4 | |
| Ancient Protector | 21 | |
44 total
» build order
00:20 Moon Well
00:40 Altar of Elders
01:46 Hunter's Hall
01:51 Ancient of War
02:07 Moon Well
03:03 Tree of Ages
03:25 Moon Well
04:33 Moon Well
05:30 Tree of Eternity
05:32 Ancient of Wind
07:52 Chimaera Roost
07:54 Chimaera Roost
09:24 Moon Well
10:04 Moon Well
10:43 Tree of Life
16:57 Moon Well
22:02 Moon Well
22:10 Ancient Protector
22:17 Ancient Protector
23:22 Ancient Protector
23:25 Tree of Life
23:30 Tree of Life
23:32 Ancient Protector
24:39 Ancient Protector
24:42 Ancient Protector
24:47 Ancient Protector
25:37 Hunter's Hall
25:49 Ancient Protector
25:53 Ancient Protector
26:50 Tree of Life
27:00 Hunter's Hall
27:04 Moon Well
28:01 Ancient Protector
28:07 Ancient Protector
28:14 Ancient Protector
28:42 Ancient Protector
28:44 Ancient Protector
28:53 Ancient Protector
28:54 Ancient Protector
28:58 Ancient Protector
29:03 Ancient Protector
29:04 Ancient Protector
29:06 Ancient Protector
29:08 Ancient Protector
» items
| Scroll of Town Portal | 2 | |
| Scroll of Protection | 1 | |
3 total
M[A]STER.XXDl (
red | 171 APM | 4998 actions | 29:12)
7 Death Knight
3 Death Coil
3 Unholy Aura
1 Animate Dead
5 Lich
3 Frost Nova
2 Frost Armor
» actions
| Assign group hotkey | 71 | |
| Basic commands | 300 | |
| Build / train | 177 | |
| Enter build submenu | 60 | |
| Enter hero's abilities submenu | 13 | |
| Give item / drop item | 1 | |
| Remove unit from queue | 2 | |
| Right click | 3016 | |
| Select / deselect | 558 | |
| Select group hotkey | 603 | |
| Use ability | 197 | |
4998 total
» units
| Acolyte | 29 | |
| Ghoul | 13 | |
| Crypt Fiend | 19 | |
| Obsidian Statue | 5 | |
| Forest Troll High Priest | 2 | |
| Frost Wyrm | 5 | |
| Gargoyle | 4 | |
77 total
» upgrades
| Creature Attack | 3 | |
| Creature Carapace | 3 | |
| Burrow | 1 | |
| Web | 1 | |
| Destroyer Form | 1 | |
| Freezing Breath | 1 | |
10 total
» buildings
| Crypt | 2 | |
| Altar of Darkness | 1 | |
| Ziggurat | 12 | |
| Graveyard | 2 | |
| Tomb of Relics | 2 | |
| Nerubian Tower | 3 | |
| Necropolis | 4 | |
| Halls of the Dead | 3 | |
| Spirit Tower | 14 | |
| Slaughterhouse | 1 | |
| Black Citadel | 3 | |
| Sacrificial Pit | 1 | |
| Boneyard | 3 | |
51 total
» build order
00:12 Crypt
00:14 Altar of Darkness
00:30 Ziggurat
00:58 Graveyard
01:01 Graveyard
01:12 Tomb of Relics
01:39 Ziggurat
01:58 Nerubian Tower
01:58 Nerubian Tower
01:58 Nerubian Tower
03:31 Ziggurat
05:27 Necropolis
06:39 Ziggurat
07:30 Ziggurat
07:32 Crypt
07:36 Ziggurat
07:50 Ziggurat
08:02 Halls of the Dead
08:02 Halls of the Dead
08:31 Spirit Tower
08:45 Spirit Tower
09:56 Tomb of Relics
10:02 Ziggurat
10:03 Ziggurat
11:11 Slaughterhouse
11:52 Black Citadel
11:52 Black Citadel
11:52 Black Citadel
13:08 Spirit Tower
13:10 Spirit Tower
14:44 Sacrificial Pit
17:18 Boneyard
17:31 Boneyard
17:33 Boneyard
18:33 Necropolis
22:07 Ziggurat
22:09 Ziggurat
23:23 Spirit Tower
23:23 Spirit Tower
24:28 Necropolis
26:15 Spirit Tower
26:15 Spirit Tower
26:51 Necropolis
27:15 Ziggurat
» items
| Rod of Necromancy | 4 | |
| Boots of Speed | 4 | |
| Scroll of Town Portal | 8 | |
| Circlet of Nobility | 2 | |
| Scroll of Protection | 2 | |
| Potion of Lesser Invulnerability | 1 | |
21 total
237351581 (
yellow | 104 APM | 4601 actions | 44:23)
6 Blademaster
3 Wind Walk
3 Critical Strike
1 Shadow Hunter
1 Healing Wave
» actions
| Assign group hotkey | 115 | |
| Basic commands | 455 | |
| Build / train | 115 | |
| Enter build submenu | 45 | |
| Enter hero's abilities submenu | 7 | |
| Give item / drop item | 39 | |
| Right click | 1613 | |
| Select / deselect | 494 | |
| Select group hotkey | 1269 | |
| Use ability | 448 | |
4601 total
» units
| Peon | 15 | |
| Grunt | 10 | |
| Wind Rider | 7 | |
| Troll Batrider | 4 | |
36 total
» upgrades
| Armor | 3 | |
| Berserker Strength | 1 | |
| Pillage | 1 | |
| Ranged Weapons | 3 | |
| Reinforced Defenses | 1 | |
| Liquid Fire | 1 | |
| Troll Regeneration | 1 | |
| Berserker Upgrade | 1 | |
| Spiked Barricades | 2 | |
| Envenomed Spears | 1 | |
| Melee Weapons | 1 | |
16 total
» buildings
| Orc Burrow | 10 | |
| Altar of Storms | 1 | |
| Barracks | 2 | |
| Voodoo Lounge | 1 | |
| War Mill | 1 | |
| Stronghold | 3 | |
| Watch Tower | 22 | |
| Great Hall | 1 | |
| Fortress | 2 | |
| Beastiary | 3 | |
46 total
» build order
00:31 Orc Burrow
01:09 Orc Burrow
01:33 Altar of Storms
01:36 Barracks
02:12 Voodoo Lounge
02:59 Orc Burrow
03:35 War Mill
05:17 Stronghold
05:18 Stronghold
05:34 Watch Tower
06:41 Watch Tower
06:48 Watch Tower
07:16 Watch Tower
07:18 Watch Tower
07:26 Great Hall
07:30 Watch Tower
08:34 Fortress
08:34 Fortress
08:55 Watch Tower
09:44 Beastiary
09:45 Beastiary
10:34 Watch Tower
12:02 Beastiary
14:48 Watch Tower
15:10 Barracks
16:24 Watch Tower
18:16 Orc Burrow
18:21 Orc Burrow
19:59 Orc Burrow
20:03 Orc Burrow
22:36 Watch Tower
22:39 Watch Tower
22:43 Watch Tower
22:47 Orc Burrow
22:55 Orc Burrow
25:42 Orc Burrow
25:45 Watch Tower
33:13 Watch Tower
33:14 Watch Tower
33:15 Watch Tower
33:16 Watch Tower
33:19 Watch Tower
33:20 Watch Tower
33:21 Watch Tower
33:23 Watch Tower
» items
| Healing Salve | 13 | |
| Lesser Clarity Potion | 8 | |
| Scroll of Town Portal | 3 | |
| Orb of Lightning | 3 | |
| Staff of Teleportation | 2 | |
| Periapt of Vitality | 1 | |
| Circlet of Nobility | 1 | |
| Tiny Great Hall | 1 | |
| Scroll of Speed | 1 | |
33 total

»
andycrazn (
blue | 61 APM | 1784 actions | 29:07)
4 Dark Ranger
2 Black Arrow
2 Silence
2 Blademaster
1 Wind Walk
1 Critical Strike
» actions
| Assign group hotkey | 131 | |
| Basic commands | 1 | |
| Build / train | 99 | |
| Enter build submenu | 30 | |
| Enter hero's abilities submenu | 6 | |
| Give item / drop item | 1 | |
| Right click | 752 | |
| Select / deselect | 413 | |
| Select group hotkey | 253 | |
| Use ability | 98 | |
1784 total
» units
| Peon | 21 | |
| Grunt | 23 | |
| Troll Witch Doctor | 11 | |
| Shaman | 4 | |
59 total
» upgrades
| Spiked Barricades | 3 | |
| Armor | 3 | |
| Pillage | 1 | |
| Berserker Strength | 1 | |
| Shaman Training | 2 | |
| Witch Doctor Training | 2 | |
| Reinforced Defenses | 1 | |
| Troll Regeneration | 1 | |
| Melee Weapons | 1 | |
15 total
» buildings
| Orc Burrow | 9 | |
| Altar of Storms | 1 | |
| Voodoo Lounge | 3 | |
| Barracks | 1 | |
| War Mill | 1 | |
| Watch Tower | 10 | |
| Stronghold | 2 | |
| Spirit Lodge | 2 | |
| Fortress | 1 | |
| Great Hall | 1 | |
31 total
» build order
00:38 Orc Burrow
00:41 Altar of Storms
00:54 Voodoo Lounge
01:33 Barracks
01:42 War Mill
02:51 Orc Burrow
03:05 Orc Burrow
04:22 Voodoo Lounge
04:43 Watch Tower
05:12 Orc Burrow
05:21 Stronghold
05:21 Stronghold
06:03 Watch Tower
06:32 Watch Tower
07:11 Orc Burrow
07:26 Orc Burrow
07:37 Voodoo Lounge
07:40 Watch Tower
08:06 Watch Tower
08:44 Watch Tower
09:54 Watch Tower
10:01 Watch Tower
10:22 Orc Burrow
11:20 Watch Tower
13:25 Spirit Lodge
13:28 Spirit Lodge
13:37 Watch Tower
14:30 Fortress
17:04 Orc Burrow
17:07 Orc Burrow
22:47 Great Hall
» items
| Healing Salve | 4 | |
| Scroll of Speed | 3 | |
| Lesser Clarity Potion | 2 | |
| Scroll of Town Portal | 1 | |
10 total
team 2 (winner)
tunga (
purple | 236 APM | 6521 actions | 27:36)
5 Pit Lord
3 Rain of Fire
2 Cleaving Attack
5 Naga Sea Witch
3 Forked Lightning
2 Frost Arrows
» actions
| Assign group hotkey | 45 | |
| Basic commands | 5 | |
| Build / train | 114 | |
| ESC pressed | 2 | |
| Enter build submenu | 14 | |
| Enter hero's abilities submenu | 12 | |
| Give item / drop item | 9 | |
| Right click | 2417 | |
| Select / deselect | 1108 | |
| Select group hotkey | 2565 | |
| Use ability | 230 | |
6521 total
» units
| Wisp | 16 | |
| Archer | 10 | |
| Dryad | 10 | |
| Druid of the Talon | 10 | |
| Faerie Dragon | 2 | |
48 total
» upgrades
| Abolish Magic | 1 | |
| Druid of the Talon Training | 2 | |
| Mark of the Talon | 1 | |
| Well Spring | 1 | |
5 total
» buildings
| Moon Well | 6 | |
| Ancient of War | 1 | |
| Altar of Elders | 1 | |
| Tree of Ages | 2 | |
| Hunter's Hall | 1 | |
| Ancient of Lore | 1 | |
| Ancient of Wonders | 1 | |
| Ancient of Wind | 1 | |
| Tree of Life | 2 | |
| Tree of Eternity | 3 | |
19 total
» build order
00:17 Moon Well
00:29 Ancient of War
01:08 Moon Well
01:12 Altar of Elders
02:45 Tree of Ages
03:50 Moon Well
04:18 Hunter's Hall
05:21 Ancient of Lore
07:36 Ancient of Wonders
07:39 Ancient of Wind
08:41 Tree of Life
10:25 Moon Well
10:28 Moon Well
11:25 Tree of Eternity
13:29 Moon Well
22:32 Tree of Life
» items
| Lesser Clarity Potion | 8 | |
| Scroll of Regeneration | 2 | |
| Boots of Speed | 2 | |
| Scroll of Town Portal | 8 | |
| Potion of Healing | 4 | |
| Potion of Mana | 2 | |
| Orb of Venom | 1 | |
| Healing Salve | 2 | |
| Scroll of Speed | 2 | |
| Potion of Lesser Invulnerability | 1 | |
32 total

»
dontbackdown (
green | 27 APM | 1218 actions | 44:23)
4 Paladin
2 Holy Light
2 Divine Shield
2 Mountain King
1 Storm Bolt
1 Bash
» actions
| Basic commands | 49 | |
| Build / train | 95 | |
| Enter build submenu | 22 | |
| Enter hero's abilities submenu | 6 | |
| Give item / drop item | 2 | |
| Right click | 672 | |
| Select / deselect | 317 | |
| Use ability | 55 | |
1218 total
» units
| Peasant | 28 | |
| Footman | 6 | |
| Flying Machine | 33 | |
| Gryphon Rider | 2 | |
69 total
» upgrades
| Defend | 1 | |
| Swords | 3 | |
| Masonry | 1 | |
| Armor | 1 | |
| Storm Hammers | 1 | |
| Animal War Training | 1 | |
| Gunpowder | 1 | |
| Plating | 1 | |
10 total
» buildings
| Farm | 8 | |
| Barracks | 2 | |
| Altar of Kings | 1 | |
| Keep | 1 | |
| Lumber Mill | 1 | |
| Blacksmith | 1 | |
| Castle | 1 | |
| Scout Tower | 1 | |
| Workshop | 1 | |
| Arcane Tower | 1 | |
| Gryphon Aviary | 2 | |
| Arcane Vault | 1 | |
| Guard Tower | 2 | |
| Town Hall | 3 | |
26 total
» build order
00:30 Farm
00:59 Barracks
01:01 Altar of Kings
01:09 Barracks
01:13 Farm
01:49 Farm
02:27 Farm
03:16 Farm
03:57 Keep
05:10 Lumber Mill
05:12 Blacksmith
06:53 Castle
06:56 Scout Tower
07:23 Workshop
07:25 Arcane Tower
07:28 Gryphon Aviary
07:33 Gryphon Aviary
07:43 Arcane Vault
09:19 Guard Tower
09:32 Guard Tower
10:09 Town Hall
11:04 Farm
12:36 Farm
13:11 Town Hall
13:47 Farm
15:28 Town Hall
» items
STEPSISTER-MMMM (
orange | 73 APM | 3234 actions | 44:23)
8 Blademaster
3 Wind Walk
3 Critical Strike
1 Bladestorm
1 Mirror Image
» actions
| Assign group hotkey | 66 | |
| Basic commands | 245 | |
| Build / train | 78 | |
| Enter build submenu | 28 | |
| Enter hero's abilities submenu | 7 | |
| Give item / drop item | 5 | |
| Right click | 1401 | |
| Select / deselect | 311 | |
| Select group hotkey | 920 | |
| Use ability | 172 | |
3234 total
» units
| Peon | 21 | |
| Grunt | 4 | |
| Wind Rider | 18 | |
| Troll Batrider | 5 | |
48 total
» upgrades
| Reinforced Defenses | 1 | |
| Ranged Weapons | 1 | |
| Armor | 1 | |
| Envenomed Spears | 1 | |
4 total
» buildings
| Altar of Storms | 1 | |
| Orc Burrow | 7 | |
| War Mill | 1 | |
| Barracks | 1 | |
| Voodoo Lounge | 1 | |
| Great Hall | 2 | |
| Watch Tower | 31 | |
| Stronghold | 6 | |
| Beastiary | 3 | |
| Fortress | 2 | |
55 total
» build order
00:07 Altar of Storms
00:20 Orc Burrow
00:39 War Mill
01:01 Barracks
01:50 Orc Burrow
02:24 Voodoo Lounge
05:09 Great Hall
05:12 Watch Tower
05:12 Watch Tower
05:15 Stronghold
05:15 Stronghold
05:20 Watch Tower
05:24 Orc Burrow
05:53 Watch Tower
06:23 Watch Tower
06:25 Watch Tower
06:48 Watch Tower
06:56 Orc Burrow
07:30 Watch Tower
08:28 Beastiary
08:29 Beastiary
08:31 Fortress
09:06 Watch Tower
09:06 Watch Tower
10:17 Watch Tower
10:18 Watch Tower
10:19 Watch Tower
12:31 Watch Tower
12:32 Watch Tower
12:33 Watch Tower
13:27 Orc Burrow
13:27 Orc Burrow
13:50 Beastiary
18:47 Stronghold
18:47 Stronghold
19:28 Great Hall
19:56 Watch Tower
19:56 Watch Tower
19:56 Watch Tower
19:57 Watch Tower
20:21 Watch Tower
20:21 Watch Tower
20:22 Watch Tower
20:26 Orc Burrow
21:38 Watch Tower
21:39 Watch Tower
21:39 Watch Tower
22:27 Watch Tower
22:28 Watch Tower
24:01 Watch Tower
24:01 Watch Tower
24:02 Watch Tower
26:58 Stronghold
26:58 Stronghold
30:14 Fortress
» items
| Healing Salve | 1 | |
| Scroll of Regeneration | 2 | |
| Staff of Teleportation | 1 | |
| Potion of Lesser Invulnerability | 1 | |
| Scroll of Town Portal | 2 | |
| Tiny Great Hall | 1 | |
8 total
REINICKENDORF (
pink | 50 APM | 1408 actions | 28:24)
3 Goblin Tinker
2 Pocket Factory
1 Engineering Upgrade
» actions
| Assign group hotkey | 64 | |
| Basic commands | 31 | |
| Build / train | 62 | |
| Enter build submenu | 22 | |
| Enter hero's abilities submenu | 3 | |
| Right click | 605 | |
| Select / deselect | 298 | |
| Select group hotkey | 222 | |
| Use ability | 101 | |
1408 total
» units
| Peasant | 11 | |
| Footman | 9 | |
| Sorceress | 2 | |
| Priest | 1 | |
| Spell Breaker | 3 | |
| Siege Engine | 2 | |
28 total
» upgrades
| Defend | 1 | |
| Sorceress Training | 1 | |
| Control Magic | 1 | |
| Gunpowder | 2 | |
| Flak Cannons | 1 | |
| Barrage | 1 | |
7 total
» buildings
| Altar of Kings | 2 | |
| Farm | 7 | |
| Barracks | 1 | |
| Scout Tower | 4 | |
| Arcane Vault | 1 | |
| Keep | 3 | |
| Arcane Tower | 2 | |
| Lumber Mill | 1 | |
| Blacksmith | 1 | |
| Castle | 1 | |
| Guard Tower | 2 | |
| Arcane Sanctum | 2 | |
| Workshop | 3 | |
30 total
» build order
00:03 Altar of Kings
00:07 Farm
00:08 Altar of Kings
00:37 Barracks
00:57 Farm
01:39 Scout Tower
01:47 Farm
02:46 Arcane Vault
03:12 Keep
03:13 Keep
03:13 Keep
03:56 Scout Tower
04:33 Arcane Tower
04:33 Arcane Tower
04:37 Scout Tower
04:40 Lumber Mill
04:42 Farm
05:06 Blacksmith
05:06 Farm
06:02 Scout Tower
06:21 Castle
07:26 Guard Tower
07:32 Arcane Sanctum
07:33 Arcane Sanctum
08:10 Farm
11:52 Farm
13:42 Workshop
13:43 Workshop
13:46 Workshop
» items
| Lesser Clarity Potion | 5 | |
| Scroll of Regeneration | 2 | |
| Scroll of Town Portal | 3 | |
| Potion of Healing | 2 | |
12 total
Chat log
(00:26 / Allies) M[A]STER.XXDl: ay
(00:27 / Allies) M[A]STER.XXDl: 100?
(00:32 / Allies) andycrazn: wanna rush?
(00:39 / Allies) M[A]STER.XXDl: sure
(02:39 / Allies) Spyro: i'll make single rax huntresses
(02:41 / Allies) Spyro: but im goin chims
(03:00 / Allies) andycrazn: help
(03:06 / Allies) 237351581: it's 2 units noob
(03:09 / Allies) M[A]STER.XXDl: brt
(03:30 / Allies) 237351581: repair burrow
(04:15 / Allies) andycrazn: ty
(06:23 / Allies) M[A]STER.XXDl: brt
(07:06 / All) 237351581: you suck big time green
(07:08 / All) 237351581: first time playing?
(07:09 / Allies) Spyro: nopt one tower?
(07:11 / All) 237351581: try the campaign first
(07:17 / Allies) andycrazn: he keeps getting it
(07:42 / Allies) M[A]STER.XXDl: mnid
(07:47 / All) dontbackdown: sure yellow
(07:53 / All) dontbackdown: time that one better next time
(08:18 / All) dontbackdown: i love when mhers act like they the shit
(08:25 / All) 237351581: lol
(08:29 / All) 237351581: mh isn't even public yet
(08:33 / All) 237351581: I don't have it
(08:55 / Allies) Spyro: im going to kill the corner base by yellow with chims
(08:59 / All) REINICKENDORF: THE WAR
(09:01 / Allies) 237351581: hit somewhere else
(09:01 / All) REINICKENDORF: ISNT OVER YET BLUE
(09:03 / Allies) 237351581: out bases have towers
(09:03 / Allies) Spyro: oh my goodness blue get freaking towers
(09:05 / Allies) Spyro: and units
(09:09 / Allies) Spyro: freaking wow
(09:13 / Allies) 237351581: hit here teal
(09:15 / Allies) Spyro: you diying to 3 footmen
(09:15 / Allies) 237351581: it'll be less defended
(10:47 / All) dontbackdown: lol
(10:50 / All) dontbackdown: nice tp yellow
(10:57 / All) 237351581: thanks I thought it was good too
(11:29 / All) 237351581: nice expo green
(11:30 / All) 237351581: lol
(12:34 / Allies) 237351581: let's hit this guy teal
(12:34 / Allies) M[A]STER.XXDl: brt
(12:54 / Allies) Spyro: come red
(13:04 / Allies) Spyro: or hit elwewhere
(13:08 / All) REINICKENDORF: YOU THINK
(13:13 / All) REINICKENDORF: THIS IS A MOTHERFUCKING GAME BLUE ?
(13:44 / Allies) 237351581: ome one sec teal
(13:51 / Allies) andycrazn: please attack em
(14:21 / All) 237351581: nice hall green
(15:04 / Allies) 237351581: wood me if you can
(15:33 / Allies) 237351581: ty
(16:53 / All) 237351581: nice expo green
(16:54 / All) 237351581: lol
(16:57 / All) dontbackdown: lol
(17:00 / All) 237351581: lol
(17:00 / All) dontbackdown: orange tking
(17:07 / All) 237351581: nice excuses, bitch boy
(17:12 / All) dontbackdown: he has 4500 gold
(17:16 / All) 237351581: that's not tking
(17:16 / All) STEPSISTER-MMMM: suck my dick green
(17:19 / All) 237351581: tking is team killing
(17:22 / All) STEPSISTER-MMMM: next time pay attention
(17:25 / All) STEPSISTER-MMMM: whne i tellu something
(18:00 / All) 237351581: I have a +29 bm
(18:01 / All) STEPSISTER-MMMM: arrogant bastard
(18:27 / All) dontbackdown: only reason i'm here is to c orange lose at this pt
(18:42 / All) 237351581: I think with you on his team, he would've had a low chance of winning no matter what
(19:22 / All) dontbackdown: Lol
(19:26 / All) dontbackdown: nj pink
(19:32 / All) STEPSISTER-MMMM: pink got raped
(19:34 / All) STEPSISTER-MMMM: so what
(19:35 / All) STEPSISTER-MMMM: lawl
(19:39 / All) REINICKENDORF: oj is dead ez
(19:47 / All) STEPSISTER-MMMM: guarantee you im winning this
(19:49 / All) STEPSISTER-MMMM: guaranteed
(19:55 / All) REINICKENDORF: ok i will watch
(19:57 / Allies) 237351581: wood me if you can plz
(19:58 / All) REINICKENDORF: you can start
(20:15 / Allies) 237351581: wood?
(20:22 / Allies) 237351581: you got lots teal, share a bit?
(20:34 / Allies) 237351581: ty
(22:09 / All) tunga: this team..... :(
(22:13 / All) andycrazn: gg
(22:16 / All) 237351581: yeh it's sad it got you on it purp
(22:18 / All) 237351581: and green
(22:23 / All) 237351581: orange is your only good player
(22:40 / All) REINICKENDORF: u sweet boy
(24:01 / Allies) andycrazn: yellow
(24:04 / Allies) andycrazn: why are you tking
(24:06 / Allies) 237351581: what?
(24:10 / Allies) 237351581: what are you talking about?
(24:33 / All) REINICKENDORF: so you are 2 little girly faggots nothing else
(24:35 / All) REINICKENDORF: that funny
(24:51 / All) REINICKENDORF: u in ts now laughing with ur teenage voices ? XD
(25:07 / All) dontbackdown: Lol
(25:13 / All) dontbackdown: yellow tk u called it pink
(25:23 / All) REINICKENDORF: red u stupid ? XDD
(25:26 / All) STEPSISTER-MMMM: told u faggot
(25:28 / All) STEPSISTER-MMMM: gren and pink
(25:30 / All) STEPSISTER-MMMM: game is over
(26:01 / All) 237351581: who's tking?
(26:03 / All) 237351581: who is the tker?
(26:18 / All) REINICKENDORF: oh my god i cant watch this faggoty
(26:37 / All) 237351581: what faggotry
(26:39 / All) 237351581: explain it to me
(26:41 / All) STEPSISTER-MMMM: nice mh red
(26:47 / All) REINICKENDORF: you and your little girlfriend
(27:00 / All) M[A]STER.XXDl: thx ud has some pretty strong mh
(27:15 / All) 237351581: how did you know orange is the girl of the group
(27:18 / All) 237351581: at least, that's what he calls himself
(27:27 / All) REINICKENDORF: i think u both girls, one has some mutant dick
(27:33 / All) 237351581: LOL
(27:48 / All) REINICKENDORF: red still braindead
(27:50 / All) REINICKENDORF: well
(27:51 / All) REINICKENDORF: GG
(27:55 / All) M[A]STER.XXDl: lol
(27:56 / All) M[A]STER.XXDl: u suck
(28:15 / All) REINICKENDORF: red you could have won if u werent bot
(28:19 / All) REINICKENDORF: enjoy your lose
(28:42 / Allies) M[A]STER.XXDl: hey man
(28:43 / Allies) M[A]STER.XXDl: keep attacking me
(28:46 / Allies) 237351581: ?
(28:55 / Allies) 237351581: ok
(29:02 / All) dontbackdown: Lol such a stupid game
(29:08 / All) STEPSISTER-MMMM: leave plz nab
(29:18 / All) STEPSISTER-MMMM: told u green
(30:42 / All) 237351581: You lose, teal
(30:48 / All) 237351581: or, do you? green is still here
(30:49 / All) STEPSISTER-MMMM: kill my bats for me green
(32:17 / All) 237351581: I left you lots of loot orange
(32:44 / All) STEPSISTER-MMMM: ty
(33:01 / All) STEPSISTER-MMMM: green is still in disbelief i won
(34:20 / All) STEPSISTER-MMMM: he is trying to avoid my bm
(34:24 / All) 237351581: you fellas gonna stay for a standoff?
(34:30 / All) dontbackdown: you're an idiot
(34:35 / All) dontbackdown: who has no orb
(34:37 / All) STEPSISTER-MMMM: gonna kill his copters so he leaves
(34:42 / All) 237351581: me?
(34:45 / All) dontbackdown: yah orange
(34:49 / All) dontbackdown: god
(34:51 / All) STEPSISTER-MMMM: baby green
(34:58 / All) 237351581: lol, green lost every unit at his expo
(34:59 / All) 237351581: rather than tp
(35:02 / All) 237351581: and calls others awful
(35:28 / All) 237351581: peopn army inc orange
(35:29 / All) 237351581: level ur heroes
(35:43 / All) 237351581: outside your base
(35:44 / All) STEPSISTER-MMMM: nice micro
(35:45 / All) STEPSISTER-MMMM: nab
(36:36 / All) 237351581: more coming
(36:55 / All) 237351581: ur base orange
(36:58 / All) STEPSISTER-MMMM: he is trying to scrap every bit of micro he has left
(37:02 / All) STEPSISTER-MMMM: out green
(37:38 / All) STEPSISTER-MMMM: standoff teal vs green?
(37:42 / All) STEPSISTER-MMMM: bigger loser wins?
(37:46 / All) 237351581: Orange and I are going to kill everything
(37:48 / All) 237351581: including our own units
(37:53 / All) 237351581: and neither of you will have a way to kill the other
(37:59 / All) 237351581: are you both ready to leave your PCS on all day for the win?
(38:01 / All) 237351581: green and teal?
(38:04 / All) STEPSISTER-MMMM: i already know either teal or green is gonna leave to "spite" us
(38:45 / All) 237351581: buy a tiny great hall
(38:48 / All) 237351581: for if someone leaves
(38:50 / All) 237351581: always good precaution
(39:25 / All) STEPSISTER-MMMM: i could feel the rage in greens fingers this game
(39:41 / All) 237351581: he was def mad
(39:44 / All) 237351581: can't wait to read your chat log
(39:54 / All) STEPSISTER-MMMM: it isnt that good on my side he only talked to u
(39:55 / All) 237351581: I think every game so far has had me have to tk
(40:33 / All) 237351581: fite me
(40:37 / All) 237351581: bm duel?
(40:39 / All) STEPSISTER-MMMM: fountain?
(40:42 / All) 237351581: omw
(40:47 / All) 237351581: yours is higher level but mine has better items
(40:48 / All) 237351581: +34
(41:01 / All) STEPSISTER-MMMM: i was killing green and he used pitlord summon item on me lawl
(41:03 / All) 237351581: another game with godly bm items and no one to use it on
(41:36 / All) 237351581: I'm not even level 6 lawl
(41:39 / All) 237351581: I wish I had level 3 crit
(42:20 / All) STEPSISTER-MMMM: 272 crit with shit items
(42:23 / All) 237351581: laame
(42:26 / All) STEPSISTER-MMMM: u had 236
(42:28 / All) 237351581: I can't get a good crit
(42:34 / All) STEPSISTER-MMMM: im gonna watch replay and confirm green never went afk
(42:49 / All) STEPSISTER-MMMM: is standoff over ur side
(42:54 / All) 237351581: just heroes
(43:14 / All) 237351581: nice
(43:19 / All) 237351581: I had to cheat that fight
(43:25 / All) 237351581: now I probably get 300-400 crits
(43:34 / All) STEPSISTER-MMMM: u did good job getting teal to hit green and not me
(43:37 / All) STEPSISTER-MMMM: game turned after that
(43:45 / All) 237351581: Daisho, +34 and level 3 critical strike now
(43:52 / All) 237351581: and not one other unit to kill
(43:59 / All) 237351581: I was surprised he listened and hit green
(44:02 / All) STEPSISTER-MMMM: that's when i decided to kill green cuz i told him to fuck off after he wanted gold
(44:06 / All) STEPSISTER-MMMM: thought he was gonna tk
(44:11 / All) 237351581: killing my hero now
(44:17 / All) 237351581: gl gents
(44:19 / All) 237351581: don't have fun